 Dungeon Crawl Stone Soup version 0.31-a0-431-g88bdf31460 (webtiles) character file.

Game seed: 15217557002492258399

485 Dirtsage the Ruffian (level 6, 0/47 HPs)
             Began as a Draconian Shapeshifter on July 31, 2023.
             Slain by a water moccasin (3 damage)
             ... on level 5 of the Dungeon.
             The game lasted 00:04:59 (3508 turns).

Dirtsage the Ruffian (Draconian Shapeshifter)       Turns: 3508, Time: 00:04:59

Health: 0/47       AC:  6    Str: 17    XL:     6   Next: 88%
Magic:  6/6        EV: 12    Int: 10    God:
Gold:   120        SH:  0    Dex: 12    Spells: 5/5 levels left

rFire   . .          .
                       - Unarmed
rCold   . . .        (no shield)
rNeg    . . .        (body armour unavailable)
rPois   .            (helmet currently unavailable)
rElec   .            (cloak currently unavailable)
rCorr   .            (gloves currently unavailable)
SInv    +            (boots currently unavailable)
Will    .....        (no amulet)
Stlth   +            S - ring of see invisible
HPRegen 0.27/turn    (no ring)
MPRegen 0.10/turn

%: no passive effects
@: lethally poisoned (0 -> -17), beast-form
A: beast (slay +3), AC +6, unfitting armour, cold-blooded
a: Begin Untransformation


You were on level 5 of the Dungeon.
You were a hulking beast.
You visited 1 branch of the dungeon, and saw 5 of its levels.

You collected 150 gold pieces.
You spent 30 gold pieces at shops.

Inventory:

Armour
 c - a +0 pair of gloves
 n - a +0 pair of boots
Magical Staves
 h - a staff of death
 A - a staff of earth
Jewellery
 S - a ring of see invisible (left hand)
Talismans
 b - a beast talisman (active)
 z - a beast talisman (active)
Wands
 D - a wand of digging (1)
Scrolls
 d - 2 scrolls of fog {unknown}
 e - 2 scrolls of silence {unknown}
 f - 2 scrolls of amnesia {unknown}
 i - 2 scrolls of vulnerability {unknown}
 m - a scroll of fear {unknown}
 o - 2 scrolls of torment {unknown}
 p - a scroll of immolation {unknown}
 s - a scroll of teleportation {unknown}
 t - a scroll of revelation {unknown}
 w - a scroll of blinking {unknown}
 x - a scroll of poison {unknown}
 y - 2 scrolls of identify {unknown}
Potions
 a - a potion of lignification
 g - 2 potions of magic {unknown}
 j - a potion of heal wounds {unknown}
 k - 2 potions of ambrosia {unknown}
 l - a potion of attraction {unknown}
 r - 2 potions of mutation {unknown}
 u - a potion of invisibility {unknown}
 v - 2 potions of might {unknown}


   Skills:
 - Level 1.1 Fighting
 - Level 1.7 Dodging
 + Level 5.9 Unarmed Combat
 + Level 5.2 Shapeshifting


You had 5 spell levels left.
You didn't know any spells.
Your spell library contained the following spells:

 Spells                   Type           Power      Damage    Failure   Level
 Chain Lightning          Conj/Air       0%         N/A       100%        9
 Fire Storm               Conj/Fire      0%         5d1       100%        9
 Shatter                  Erth           0%         3d5*      100%        9


Dungeon Overview and Level Annotations

Branches:
Dungeon (5/15)
 Temple: D:4-7

Altars:

Shops:
D:1 !


Innate Abilities, Weirdness & Mutations

You are a hulking beast.
Your limbs bulge with bestial killing power. (Slay +3)
Your plain brown scales are hard. (AC +6)
You cannot fit into any form of body armour.
You are cold-blooded and may be slowed by cold attacks.


Message History

You take 4 damage, and have 27/47 hp.
You closely miss the water moccasin.
The water moccasin is heavily wounded.
You feel sick.
The water moccasin bites you but does no damage.
The gnoll hits you but does no damage.
You take 2 damage, and have 25/47 hp.
You barely miss the water moccasin.
The water moccasin is heavily wounded.
You feel sick. The water moccasin bites you.
You are lethally poisoned!
The water moccasin poisons you!
The gnoll hits you from afar with a +0 halberd!
* * * LOW HITPOINT WARNING * * *
You take 17 damage, and have 8/47 hp.
MASSIVE DAMAGE!!
You hit the water moccasin but do no damage.
The water moccasin is heavily wounded.
* * * LOW HITPOINT WARNING * * *
You feel very sick. The water moccasin barely misses you.
The gnoll barely misses you. The water moccasin misses you.
You take 5 damage, and have 3/47 hp.
You feel better. The water moccasin bites you.
* * * LOW HITPOINT WARNING * * *
The gnoll hits you but does no damage.
You regained 5 hp, and now have 8/47 hp.
You closely miss the water moccasin.
The water moccasin is heavily wounded.
The water moccasin closely misses you.
The gnoll hits you from afar with a +0 halberd.
* * * LOW HITPOINT WARNING * * *
You take 2 damage, and have 6/47 hp.
You closely miss the water moccasin.
Your tail-slap misses the water moccasin.
The water moccasin is heavily wounded.
The water moccasin bites you.
* * * LOW HITPOINT WARNING * * *
You are lethally poisoned!
The water moccasin poisons you! The water moccasin bites you.
You die...

#######g.. #.g..Sg...
#S#####.>. # ##h#
...#.#####..#####.
####.##.................
.#...# ##....†.#######.#
...# #...#.##
#..####...# #)#
##......# #.## #
.....########..#####.#
#.....................


You could see a water moccasin and a gnoll.

Vanquished Creatures
  An ogre (D:5)
  A phantom (D:5)
  A scorpion (D:5)
  A jelly (D:4)
  A hound (D:4)
  Jessica (D:3)
  A sleepcap (D:4)
  A gnoll (D:5)
  6 adders
  An ufetubus (D:5)
  2 dart slugs
  2 worms
  2 orcs
  7 endoplasms
  9 giant cockroaches
  7 goblins
  6 hobgoblins
  7 kobolds
  2 quokkas (D:1)
  7 ball pythons
  4 bats
  3 frilled lizards
  9 rats
82 creatures vanquished.

Notes
Turn   | Place    | Note
-------+----------+-------------------------------------------
     0 | D:1      | Dirtsage the Draconian Shapeshifter began the quest for the
                  | Orb.
     0 | D:1      | Reached XP level 1. HP: 16/16 MP: 1/1
   165 | D:1      | Reached XP level 2. HP: 23/23 MP: 2/2
   422 | D:1      | Found Estretuc's Distillery.
   446 | D:1      | Bought a potion of curing for 30 gold pieces
   645 | D:2      | Reached XP level 3. HP: 28/28 MP: 3/3
  1222 | D:3      | Reached XP level 4. HP: 35/35 MP: 4/4
  1598 | D:3      | Noticed Jessica
  1603 | D:3      | Killed Jessica
  2298 | D:4      | Reached XP level 5. HP: 35/40 MP: 5/5
  3004 | D:5      | Entered Level 5 of the Dungeon
  3012 | D:4      | Reached skill level 5 in Unarmed Combat
  3068 | D:5      | Noticed an ogre
  3076 | D:5      | HP: 2/40 [ogre/+0 giant club (25)]
  3079 | D:5      | Killed an ogre
  3080 | D:5      | Reached XP level 6. HP: 3/47 MP: 6/6
  3408 | D:5      | Reached skill level 5 in Shapeshifting
  3490 | D:5      | Noticed a water moccasin
  3508 | D:5      | Slain by a water moccasin

Illustrated notes

Levels and vault maps discovered:
D:1:      nzn_arrival_crosshair, layout_basic, serial_shops, shop
D:2:      layout_loops_ring
D:3:      minmay_general_purpose_star, layout_basic, grunt_decor_arrowhead,
          uniq_jessica
D:4:      layout_loops_cross
D:5:      layout_rooms, uniq_duvessa

Skill      XL: |  1  2  3  4  5  6 |
---------------+-------------------+-----
Unarmed Combat | 4 5 |  5.9
Shapeshifting  | 4 5 |  5.2
Fighting       | |  1.1
Dodging        | |  1.7

Action                     |  1- 3 |  4- 6 || total
---------------------------+-------+-------++-------
  Melee: Unarmed           |    91 |   114 ||   205
         Tailslap          |    12 |     9 ||    21
         Punch             |     2 |     7 ||     9
    Use: Potion            |       |     1 ||     1
   Stab: Sleeping          |     2 |       ||     2
 Armour: Skin              |    24 |    23 ||    47
  Dodge: Dodged            |    50 |    57 ||   107

Table legend: (Time is in decaauts)
 A = Elapsed time spent in this place.
 B = Non-inter-level travel time spent in this place.
 C = Inter-level travel time spent in this place.
 D = Time resting spent in this place.
 E = Time spent auto-exploring this place.
 F = Levels seen in this place.
 G = Mean time per level.
                   A        B        C        D        E       F      G
               +--------+--------+--------+--------+--------+-----+--------+
         Total |   3491 |   3370 |    121 |    156 |   2739 |   5 |  698.2 |
       Dungeon |   3491 |   3370 |    121 |    156 |   2739 |   5 |  698.2 |
               +--------+--------+--------+--------+--------+-----+--------+

Top non-repeatable levels by time:
     D:3: 1060 daAuts
     D:4: 927 daAuts
     D:1: 627 daAuts
     D:2: 571 daAuts
     D:5: 304 daAuts
